 Dungeon Crawl Stone Soup version 0.19-a0-442-g8935a21 (webtiles) character file.

245 Ordine the Changer (level 6, 0/38 HPs)
             Began as an Octopode Transmuter on June 1, 2016.
             Succumbed to a worker ant's poison
             ... on level 4 of the Dungeon.
             The game lasted 00:10:54 (4266 turns).

Ordine the Changer (Octopode Transmuter)            Turns: 4266, Time: 00:10:54

Health: 0/38       AC:  1    Str: 10    XL:     6   Next: 10%
Magic:  0/8        EV: 12    Int: 17    God:
Gold:   84         SH:  0    Dex: 12    Spells: 3 memorised, 1 level left

rFire  . . .     SeeInvis .       - Unarmed
rCold  . . .     Gourm    .     (no shield)
rNeg   . . .     Faith    .     (helmet restricted)
rPois  .         Spirit   .     (no amulet)
rElec  .         Dismiss  .     (no ring)
rCorr  .         Reflect  .     (no ring)
SustAt .         Harm     .     (no ring)
MR     .....                    (no ring)
Stlth  ++........               (no ring)
                                (no ring)
                                (no ring)
                                (no ring)

@: lethally poisoned (0 -> -12), not resistant to hostile enchantments,
unstealthy
A: almost no armour, amphibious, 8 rings, constrict 8, fangs 1, tentacle spike
1, camouflage 1, low mp 1, gelatinous body 1
a: no special abilities


You were on level 4 of the Dungeon.
You were hungry.

You visited 1 branch of the dungeon, and saw 4 of its levels.

You collected 84 gold pieces.

Inventory:

Scrolls
 g - a scroll of enchant armour
 i - a scroll of magic mapping
 o - 3 scrolls of remove curse
Potions
 m - 3 potions of agility
Books
 b - a book of Changes

   Spells                             Type                      Level
   a - Beastly Appendage              Transmutation                1
   b - Sticks to Snakes               Transmutation                2
   c - Spider Form                    Transmutation/Poison         3
   d - Ice Form                       Ice/Transmutation            4
   e - Blade Hands                    Transmutation                5
Comestibles
 a - 2 meat rations
 c - 4 bread rations
 f - 2 fruits
 h - a chunk of flesh
 j - a beef jerky
 l - 2 slices of pizza


   Skills:
 - Level 1.0 Fighting
 - Level 2.0 Dodging
 + Level 3.2 Unarmed Combat
 - Level 2.0 Spellcasting
 * Level 6.1 Transmutations


You had one spell level left.
You knew the following spells:

 Your Spells              Type           Power        Failure   Level  Hunger
a - Spider Form           Tmut/Pois      ##........   17%         3    ###....
b - Beastly Appendage     Tmut           ###...       1%          1    #......
c - Ice Form              Ice/Tmut       ##......     58%         4    #####..


Dungeon Overview and Level Annotations

Branches:
Dungeon (4/15)
 Temple: D:4-7

Altars:
Pakellas

Shops:
D:4 *=


Innate Abilities, Weirdness & Mutations

You cannot wear most types of armour.
You are amphibious.
You can wear up to eight rings at the same time.
You can use your tentacles to constrict eight enemies at once.
Your skin changes colour to match your surroundings (Stealth+).
Your rubbery body absorbs attacks. (AC +1)
You have very sharp teeth.
One of your tentacles bears a spike.
Your magical capacity is low. (-10% MP)


Message History

You feel a strange surge of energy!
You are feeling hungry.
* * * LOW HITPOINT WARNING * * *
You feel sick.
Casting: Ice Form
Confirm with . or Enter, or press ? or * to list all spells.
The spell is very dangerous to cast!
Continue anyway?
You turn into a creature of crystalline ice.
* * * LOW HITPOINT WARNING * * *
You feel sick.
* * * LOW HITPOINT WARNING * * *
You feel sick.
Your magical effects are unravelling.
Your magical contamination has completely faded away.
You feel magically purged.
You float gracefully downwards.
* * * LOW HITPOINT WARNING * * *
You feel sick.
You feel magically purged.
You warm up again.
You die...

.# #..# #.# .#
######.## #.### .#
#......# #...# .#
#.##.#.# ###.# .#
#.##.#.# #.# .#
#.##...# #.#
.###.##.∩.#### #.#
..............#####.#
####.########...@...#
#.# ######### ..#
####


There were no monsters in sight!

Vanquished Creatures
  The ghost of Ordine the Changer, an amateur OpTm of Cheibriados (D:3)
  A worker ant (D:4)
  3 adders (D:3)
  A shadow imp (D:3)
  2 worms
  3 dart slugs
  4 orcs (D:3)
  2 bats
  5 giant cockroaches
  5 goblins
  9 hobgoblins
  4 quokkas (D:3)
  4 giant newts
  9 kobolds
  3 rats
56 creatures vanquished.

Notes
Turn   | Place    | Note
--------------------------------------------------------------
     0 | D:1      | Ordine the Octopode Transmuter began the quest for the Orb.
     0 | D:1      | Reached XP level 1. HP: 13/13 MP: 3/3
   501 | D:1      | Reached XP level 2. HP: 18/18 MP: 5/5
   910 | D:1      | Reached skill level 3 in Transmutations
  1349 | D:2      | Found an oddly glowing altar of Pakellas.
  1350 | D:2      | Reached XP level 3. HP: 23/23 MP: 6/6
  2366 | D:3      | Reached skill level 4 in Transmutations
  2728 | D:3      | Learned a level 3 spell: Spider Form
  2770 | D:3      | Reached XP level 4. HP: 22/28 MP: 7/7
  2841 | D:3      | Noticed Ordine's ghost (amateur OpTm)
  2859 | D:3      | Killed Ordine's ghost
  2859 | D:3      | Reached skill level 5 in Transmutations
  2859 | D:3      | Reached XP level 5. HP: 19/33 MP: 8/8
  3953 | D:3      | Learned a level 4 spell: Ice Form
  4169 | D:4      | Found Gopyuwasche's General Store.
  4209 | D:4      | Found Ruongaes's Jewellery Shoppe.
  4260 | D:4      | Gained mutation: You have very sharp teeth. [potion of mutation]
  4260 | D:4      | Gained mutation: Your magical capacity is low. (-10% MP) [potion of mutation]
  4260 | D:4      | Gained mutation: One of your tentacles bears a spike. [potion of mutation]
  4260 | D:4      | Reached skill level 6 in Transmutations
  4260 | D:4      | Reached XP level 6. HP: 9/38 MP: 8/8
  4264 | D:4      | HP: 2/45 [poisoned by a worker ant]
  4266 | D:4      | Succumbed to a worker ant's poison

Vault maps used:
D:1:      dpeg_arrival_leaves_temple_mockup, minmay_distorted
D:2:      old_standard_altar
D:4:      serial_shops, nicolae_shop_trees, nicolae_shop_stone,
          nicolae_ossuary_entry_monument

Skill      XL: |  1  2  3  4  5 |
---------------+----------------+-----
Transmutations | 3 4 5 6 |  6.1
Fighting       | |  1.0
Dodging        | |  2.0
Unarmed Combat | |  3.2
Spellcasting   | |  2.0

Action                   |  1- 3 |  4- 6 || total
-------------------------+-------+-------++-------
Melee: Unarmed           |    89 |    61 ||   150
       Constrict         |    25 |    12 ||    37
       Tentacles         |    19 |     5 ||    24
       Punch             |     2 |       ||     2
 Cast: Ice Form          |       |     1 ||     1
  Use: Scroll            |     8 |       ||     8
       Potion            |       |     5 ||     5
 Stab: Sleeping          |     7 |       ||     7
       Distracted        |       |     1 ||     1
  Eat: Chunk             |     5 |     5 ||    10
Armor: Skin              |     8 |    24 ||    32
Dodge: Dodged            |    39 |    21 ||    60
